DBL
CLEVELAND SPIDERS @ CHARLOTTE KNIGHTS
04/04/1997
 
TOP OF THE 1ST
Cleveland Spiders batting - Pitching for Charlotte Knights : LHP Greg Mathews
Pitching: LHP Greg Mathews
Batting: RHB Marquis Grissom 0-0: DOUBLE (Flyball, 89D, EV 110.0 MPH)
Batting: SHB Tomas Perez 0-0: Called Strike
0-1: Called Strike
0-2: Ball
1-2: Ball
2-2: Ball
3-2: Reached on error, E5 (Groundball, 56, EV 93.8 MPH)
Marquis Grissom to third
Batting: RHB Bernard Gilkey 0-0: Fielders Choice at 2nd, 6-4 (Groundball, 56, EV 92.5 MPH)
Marquis Grissom scores
Batting: RHB Kevin Mitchell 0-0: Called Strike
0-1: Ball
1-1: Foul Ball, location: 2F
1-2: Ground out 4-3 (Groundball, 4, EV 78.8 MPH)
Bernard Gilkey to second
Batting: SHB Todd Hundley 0-0: Ball
1-0: Swinging Strike
1-1: Foul Ball, location: 2F
1-2: Strikes out looking
Top of the 1st over - 1 run, 1 hit, 1 error, 1 left on base; Cleveland 1 - Charlotte 0
BOTTOM OF THE 1ST
Charlotte Knights batting - Pitching for Cleveland Spiders : LHP Juan Nieves
Pitching: LHP Juan Nieves
Batting: SHB Orlando Merced 0-0: Ball
1-0: Ball
2-0: Foul Ball, location: 2F
2-1: Fly out, F3 (Popup, 3SF, EV 82.5 MPH)
Batting: LHB Jason Giambi 0-0: Foul Ball, location: 2F
0-1: Ball
1-1: Called Strike
1-2: Foul Ball, location: 2F
1-2: Ball
2-2: Strikes out swinging
Batting: RHB Shane Mack 0-0: Called Strike
0-1: Fly out, F7 (Flyball, 7S, EV 76.9 MPH)
Bottom of the 1st over - 0 runs, 0 hits, 0 errors, 0 left on base; Cleveland 1 - Charlotte 0
TOP OF THE 2ND
Cleveland Spiders batting - Pitching for Charlotte Knights : LHP Greg Mathews
Batting: LHB Raul Ibanez 0-0: Called Strike
0-1: Foul Ball, location: 2F
0-2: Ground out U3 (Groundball, 3L, EV 84.4 MPH)
Batting: SHB Howard Johnson 0-0: SOLO HOME RUN (Flyball, 78XD, EV 112.5 MPH), Distance : 385 ft
Batting: LHB Garret Anderson 0-0: Called Strike
0-1: Ball
1-1: Foul Ball, location: 2F
1-2: Foul Ball, location: 2F
1-2: SINGLE (Groundball, 34D, EV 94.4 MPH)
Batting: RHB Billy Ripken 0-0: Called Strike
0-1: Grounds into double play, 1-4-3 (Groundball, P, EV 87.5 MPH)
Top of the 2nd over - 1 run, 2 hits, 0 errors, 0 left on base; Cleveland 2 - Charlotte 0
BOTTOM OF THE 2ND
Charlotte Knights batting - Pitching for Cleveland Spiders : LHP Juan Nieves
Batting: RHB Nomar Garciaparra 0-0: Called Strike
0-1: Ball
1-1: Ball
2-1: Foul Ball, location: 2F
2-2: DOUBLE (Line Drive, 89XD, EV 111.3 MPH)
Batting: SHB David Segui 0-0: Called Strike
0-1: Fly out, F9 (Flyball, 9S, EV 77.5 MPH)
Batting: SHB Carl Everett 0-0: Called Strike
0-1: Fly out, F4 (Line Drive, 4, EV 70.0 MPH)
Batting: RHB Chuck Knoblauch 0-0: Called Strike
0-1: Ball
1-1: Ball
2-1: Ball
3-1: Foul Ball, location: 2F
3-2: Foul Ball, location: 2F
3-2: Foul Ball, location: 2F
3-2: Base on Balls
Batting: RHB Tony Batista 0-0: Called Strike
0-1: Ball
1-1: Foul Ball, location: 2F
1-2: SINGLE (Line Drive, 78S, EV 98.8 MPH)
Nomar Garciaparra to third
Chuck Knoblauch to second
Runner from 3rd tries for Home, SAFE, throw by LF to home
Batting: RHB Todd Zeile 0-0: Foul Ball, location: 2F
0-1: Ball
1-1: Ball
2-1: Foul Ball, location: 2F
2-2: Foul Ball, location: 2F
2-2: 3-RUN HOME RUN (Flyball, 78XD, EV 93.8 MPH), Distance : 424 ft
Batting: SHB Orlando Merced 0-0: Ball
1-0: Ball
2-0: Fly out, F5 (Line Drive, 5, EV 65.0 MPH)
Bottom of the 2nd over - 4 runs, 3 hits, 0 errors, 0 left on base; Cleveland 2 - Charlotte 4
TOP OF THE 3RD
Cleveland Spiders batting - Pitching for Charlotte Knights : LHP Greg Mathews
Batting: RHB Marquis Grissom 0-0: Ball
1-0: Ball
2-0: Called Strike
2-1: Called Strike
2-2: Foul Ball, location: 2F
2-2: Ball
3-2: Strikes out swinging
Batting: SHB Tomas Perez 0-0: SINGLE (Flyball, 89S, EV 91.3 MPH)
Batting: RHB Bernard Gilkey 0-0: Called Strike
0-1: Fly out, F6 (Popup, 6M, EV 50.6 MPH)
Batting: RHB Kevin Mitchell 0-0: Foul Ball, location: 2F
0-1: Swinging Strike
0-2: Strikes out looking
Top of the 3rd over - 0 runs, 1 hit, 0 errors, 1 left on base; Cleveland 2 - Charlotte 4
BOTTOM OF THE 3RD
Charlotte Knights batting - Pitching for Cleveland Spiders : LHP Juan Nieves
Batting: LHB Jason Giambi 0-0: Ball
1-0: Foul Ball, location: 2F
1-1: Fly out, F8 (Flyball, 78D, EV 100.6 MPH)
Batting: RHB Shane Mack 0-0: Ball
1-0: DOUBLE (Line Drive, 89XD, EV 99.4 MPH)
Batting: RHB Nomar Garciaparra 0-0: Ball
1-0: Foul Ball, location: 2F
1-1: Foul Ball, location: 2F
1-2: Ball
2-2: Foul Ball, location: 2F
2-2: Strikes out looking
Batting: SHB David Segui 0-0: Ball
1-0: Ball
2-0: Fly out, F3 (Popup, 23F, EV 75.0 MPH)
Bottom of the 3rd over - 0 runs, 1 hit, 0 errors, 1 left on base; Cleveland 2 - Charlotte 4
TOP OF THE 4TH
Cleveland Spiders batting - Pitching for Charlotte Knights : LHP Greg Mathews
Batting: SHB Todd Hundley 0-0: Ball
1-0: SOLO HOME RUN (Flyball, 7D, EV 90.0 MPH), Distance : 369 ft
Batting: LHB Raul Ibanez 0-0: Ball
1-0: Ball
2-0: Ball
3-0: Called Strike
3-1: Foul Ball, location: 2F
3-2: Foul Ball, location: 2F
3-2: SINGLE (Groundball, 34D, EV 109.4 MPH)
Batting: SHB Howard Johnson 0-0: Ball
1-0: Swinging Strike
1-1: Foul Ball, location: 2F
1-2: Ball
2-2: Foul Ball, location: 2F
2-2: Strikes out swinging
Batting: LHB Garret Anderson 0-0: Fly out, F4 (Popup, 3D, EV 58.8 MPH)
Batting: RHB Billy Ripken 0-0: Ball
1-0: Swinging Strike
1-1: Ball
2-1: Foul Ball, location: 2F
2-2: Strikes out swinging
Top of the 4th over - 1 run, 2 hits, 0 errors, 1 left on base; Cleveland 3 - Charlotte 4
BOTTOM OF THE 4TH
Charlotte Knights batting - Pitching for Cleveland Spiders : LHP Juan Nieves
Batting: SHB Carl Everett 0-0: Called Strike
0-1: Ground out 6-3 (Groundball, 6, EV 83.8 MPH)
Batting: RHB Chuck Knoblauch 0-0: Swinging Strike
0-1: Bunt for hit to 2R - play at first, batter OUT! 2-3
Batting: RHB Tony Batista 0-0: Ball
1-0: Fly out, F9 (Flyball, 9LSF, EV 73.1 MPH)
Bottom of the 4th over - 0 runs, 0 hits, 0 errors, 0 left on base; Cleveland 3 - Charlotte 4
TOP OF THE 5TH
Cleveland Spiders batting - Pitching for Charlotte Knights : LHP Greg Mathews
Batting: RHB Marquis Grissom 0-0: Bunted foul
0-1: Foul Ball, location: 2F
0-2: DOUBLE (Line Drive, 7LS, EV 96.9 MPH)
Batting: SHB Tomas Perez 0-0: Sac Bunt to 15S - play at first, batter OUT! 1-3
Marquis Grissom to third
Batting: RHB Bernard Gilkey Balk!
Marquis Grissom scores
0-0: Ball
1-0: Fly out, F9 (Flyball, 9LMF, EV 93.8 MPH)
Batting: RHB Kevin Mitchell 0-0: Ball
1-0: Ball
2-0: Foul Ball, location: 2F
2-1: Ball
3-1: Base on Balls
Batting: SHB Todd Hundley 0-0: Ball
1-0: Ball
2-0: Swinging Strike
2-1: Foul Ball, location: 2F
2-2: Strikes out swinging
Top of the 5th over - 1 run, 1 hit, 0 errors, 1 left on base; Cleveland 4 - Charlotte 4
BOTTOM OF THE 5TH
Charlotte Knights batting - Pitching for Cleveland Spiders : LHP Juan Nieves
Batting: RHB Todd Zeile 0-0: Called Strike
0-1: Foul Ball, location: 2F
0-2: Strikes out looking
Batting: SHB Orlando Merced 0-0: Ball
1-0: SINGLE (Line Drive, 7S, EV 105.6 MPH)
Batting: LHB Jason Giambi 0-0: Foul Ball, location: 2F
0-1: Foul Ball, location: 2F
0-2: Ball
1-2: Ball
2-2: Ball
3-2: DOUBLE (Line Drive, 78XD, EV 96.3 MPH)
Orlando Merced to third
Runner from 3rd tries for Home, SAFE, no throw by LF
Batting: RHB Shane Mack 0-0: Foul Ball, location: 2F
0-1: Foul Ball, location: 2F
0-2: Strikes out swinging
Batting: RHB Nomar Garciaparra 0-0: Called Strike
0-1: Swinging Strike
0-2: Fly out, F6 (Popup, 6, EV 80.6 MPH)
Bottom of the 5th over - 1 run, 2 hits, 0 errors, 1 left on base; Cleveland 4 - Charlotte 5
TOP OF THE 6TH
Cleveland Spiders batting - Pitching for Charlotte Knights : LHP Greg Mathews
Batting: LHB Raul Ibanez 0-0: Ball
1-0: Called Strike
1-1: Ground out 4-3 (Groundball, 34D, EV 105.0 MPH)
Batting: SHB Howard Johnson 0-0: Called Strike
0-1: Swinging Strike
0-2: Ball
1-2: Ball
2-2: Foul Ball, location: 2F
2-2: Foul Ball, location: 2F
2-2: Strikes out swinging
Batting: LHB Garret Anderson 0-0: Called Strike
0-1: Fly out, F4 (Line Drive, 4, EV 65.6 MPH)
Top of the 6th over - 0 runs, 0 hits, 0 errors, 0 left on base; Cleveland 4 - Charlotte 5
BOTTOM OF THE 6TH
Charlotte Knights batting - Pitching for Cleveland Spiders : LHP Juan Nieves
Batting: SHB David Segui 0-0: Ball
1-0: SINGLE (Line Drive, 8LS, EV 99.4 MPH)
Batting: SHB Carl Everett 0-0: Foul Ball, location: 2F
0-1: Ball
1-1: Ball
2-1: Foul Ball, location: 2F
2-2: Strikes out swinging
Batting: RHB Chuck Knoblauch 0-0: Ball
1-0: Ball
2-0: Swinging Strike
2-1: Fly out, F8 (Flyball, 8LS, EV 83.1 MPH)
Batting: RHB Tony Batista 0-0: Ball
1-0: Ball
2-0: SINGLE (Groundball, 56, EV 96.9 MPH)
David Segui to second
Batting: RHB Todd Zeile 0-0: Called Strike
0-1: Ball
1-1: Fielders Choice at 2nd, 6-4 (Groundball, 6, EV 86.3 MPH)
Bottom of the 6th over - 0 runs, 2 hits, 0 errors, 2 left on base; Cleveland 4 - Charlotte 5
TOP OF THE 7TH
Cleveland Spiders batting - Pitching for Charlotte Knights : LHP Greg Mathews
Batting: RHB Billy Ripken 0-0: Called Strike
0-1: Swinging Strike
0-2: Strikes out swinging
Batting: RHB Marquis Grissom 0-0: Ball
1-0: Fly out, F8 (Flyball, 8RXD, EV 106.9 MPH)
Batting: SHB Tomas Perez 0-0: Ball
1-0: Ball
2-0: SINGLE (Groundball, 6MD, EV 96.3 MPH)
Batting: RHB Bernard Gilkey 0-0: Called Strike
0-1: Ball
1-1: Ground out 5-3 (Groundball, 56S, EV 83.8 MPH)
Top of the 7th over - 0 runs, 1 hit, 0 errors, 1 left on base; Cleveland 4 - Charlotte 5
BOTTOM OF THE 7TH
Charlotte Knights batting - Pitching for Cleveland Spiders : LHP Juan Nieves
Batting: SHB Orlando Merced 0-0: Ball
1-0: Ball
2-0: Foul Ball, location: 2F
2-1: Foul Ball, location: 2F
2-2: Ball
3-2: SOLO HOME RUN (Flyball, 9LD, EV 94.4 MPH), Distance : 333 ft
Batting: LHB Jason Giambi 0-0: Foul Ball, location: 2F
0-1: Ball
1-1: Fly out, F6 (Flyball, 56D, EV 88.1 MPH)
Batting: RHB Shane Mack 0-0: Called Strike
0-1: Ball
1-1: Called Strike
1-2: Foul Ball, location: 2F
1-2: Ball
2-2: Foul Ball, location: 2F
2-2: Foul Ball, location: 2F
2-2: Foul Ball, location: 2F
2-2: Ground out 5-3 (Groundball, 5, EV 85.6 MPH)
Batting: RHB Nomar Garciaparra 0-0: Ball
1-0: SINGLE (Groundball, 6D, EV 106.3 MPH)
Batting: SHB David Segui 0-0: Ball
1-0: Ball
2-0: Ball
3-0: Base on Balls
Nomar Garciaparra to second
Batting: SHB Carl Everett 0-0: Ground out 4-3 (Groundball, 4, EV 85.6 MPH)
Bottom of the 7th over - 1 run, 2 hits, 0 errors, 2 left on base; Cleveland 4 - Charlotte 6
TOP OF THE 8TH
Cleveland Spiders batting - Pitching for Charlotte Knights : LHP Greg Mathews
Now in CF: Ruben Rivera
Batting: RHB Kevin Mitchell 0-0: Ball
1-0: Called Strike
1-1: DOUBLE (Groundball, 5L, EV 106.3 MPH)
Batting: SHB Todd Hundley 0-0: Called Strike
0-1: Fly out, F9 (Flyball, 9LMF, EV 104.4 MPH)
Batting: LHB Raul Ibanez 0-0: Ball
1-0: Foul Ball, location: 2F
1-1: Swinging Strike
1-2: SINGLE (Groundball, 34D, EV 104.4 MPH)
Kevin Mitchell to third
Runner from 3rd tries for Home, SAFE, no throw by RF
Pitching: RHP Tim Burke
Batting: SHB Howard Johnson Balk!
Raul Ibanez to second
0-0: Fly out, F9 (Flyball, 89S, EV 86.9 MPH)
Batting: LHB Garret Anderson 0-0: Ground out 6-3 (Groundball, 6, EV 90.6 MPH)
Top of the 8th over - 1 run, 2 hits, 0 errors, 1 left on base; Cleveland 5 - Charlotte 6
BOTTOM OF THE 8TH
Charlotte Knights batting - Pitching for Cleveland Spiders : LHP Juan Nieves
Pitching: RHP Willie Banks
Batting: RHB Chuck Knoblauch 0-0: Called Strike
0-1: Ball
1-1: Ball
2-1: SOLO HOME RUN (Flyball, 7LD, EV 108.1 MPH), Distance : 341 ft
Batting: RHB Tony Batista 0-0: Ball
1-0: SOLO HOME RUN (Flyball, 9LD, EV 110.6 MPH), Distance : 355 ft
Batting: RHB Todd Zeile 0-0: Called Strike
0-1: Foul Ball, location: 2F
0-2: Strikes out swinging
Batting: SHB Orlando Merced 0-0: Called Strike
0-1: Foul Ball, location: 2F
0-2: Ball
1-2: Ball
2-2: Ball
3-2: Base on Balls
Batting: LHB Jason Giambi Pickoff Throw to First - Out! 1-3
0-0: Foul Ball, location: 2F
0-1: Swinging Strike
0-2: Ball
1-2: Ball
2-2: Strikes out swinging
Bottom of the 8th over - 2 runs, 2 hits, 0 errors, 0 left on base; Cleveland 5 - Charlotte 8
TOP OF THE 9TH
Cleveland Spiders batting - Pitching for Charlotte Knights : RHP Tim Burke
Now at 3B: Neifi Perez
Batting: RHB Billy Ripken 0-0: Ball
1-0: Ground out 4-3 (Groundball, 4, EV 92.5 MPH)
Batting: RHB Marquis Grissom 0-0: Fly out, F8 (Line Drive, 8LM, EV 93.1 MPH)
Batting: SHB Tomas Perez 0-0: Ball
1-0: Ground out 4-3 (Groundball, 4, EV 86.9 MPH)
Top of the 9th over - 0 runs, 0 hits, 0 errors, 0 left on base; Cleveland 5 - Charlotte 8
Thursday, January 22nd, 2026 - OOTP Baseball 20.8 Build 74